 Dungeon Crawl Stone Soup version 0.28.0-43-g3370ac3207 (webtiles) character file.

Game seed: 9810601563204974638

15796 Zonian the Frost Mage (level 12, -1/74 HPs)
             Began as a Demonspawn Ice Elementalist on Mar 6, 2022.
             Was a Priest of Ashenzari.
             Slain by a death yak simulacrum (18 damage)
             ... on level 2 of the Lair of Beasts.
             The game lasted 00:54:23 (21836 turns).

Zonian the Frost Mage (DsIE)                       Turns: 21836, Time: 00:54:24

Health: -1/74      AC: 18    Str: 10    XL:     12   Next: 4%
Magic:  41/44      EV: 16    Int: 22    God:    Ashenzari [***...]
Gold:   512        SH:  0    Dex: 16    Spells: 9/31 levels left

rFire   . . .      SeeInvis +   g - +5 short sword (vamp)
rCold   + . .      Faith    .   w - orb {*channel}
rNeg    . . .      Spirit   .   k - +0 leather armour "Lashed Together" {rElec rPois rC+ Int+4, Range, Elem} (curse)
rPois   +          Reflect  .   (no helmet)
rElec   +          Harm     .   W - +0 cloak of Ashenzari's Planets {Comp, Self} (curse)
rCorr   .          Rampage  .   n - +0 pair of gloves
Will    .....      Clarity  +   f - +2 pair of boots of Ashenzari's Discomfort {Cun, Comp} (curse)
Stlth   +++.......              K - amulet of the Chained Regret {Acrobat, Fort, Comp} (curse)
HPRegen 0.22/turn               v - ring "Submission of Ashenzari" {MP+9, Cun, Bglg} (curse)
MPRegen 0.29/turn               N - ring of magical power

@: ice-armoured
A: hooves 1, icy blue scales 2, ignite blood 1, powered by death 1
a: Renounce Religion, Curse Item, Shatter the Chains


You were on level 2 of the Lair of Beasts.
You worshipped Ashenzari.
Ashenzari was most pleased with you.
You visited 3 branches of the dungeon, and saw 14 of its levels.
You also visited: Bailey.

You collected 834 gold pieces.
You spent 322 gold pieces at shops.

Inventory:

Hand Weapons
 g - a +5 vampiric short sword (weapon)
 p - a +1 vorpal trident
 B - a +2 whip of freezing
 G - a +1 flail of protection
 M - a +2 spear of venom
 R - a +0 hand crossbow
 U - a +0 rapier
Missiles
 o - a poisoned dart
 t - 4 atropa-tipped darts
 z - 81 sling bullets
 F - 9 boomerangs
 L - 7 throwing nets
 S - 49 bolts
Armour
 a - a +0 robe
 f - the cursed +2 pair of boots of Ashenzari's Discomfort (worn) {Cun, Comp}
   (You found it on level 4 of the Dungeon)

   It has a curse which improves the following skills: Cunning: Dodging and
   Stealth.
   Companions: Summonings and Necromancy.
 h - a +1 ring mail of willpower
 k - the cursed +0 leather armour "Lashed Together" (worn) {rElec rPois rC+ Int+4, Range, Elem}
   (You found it on level 3 of the Dungeon)

   Int:       It affects your intelligence (+4).
   rC:        It protects you from cold.
   rElec:     It insulates you from electricity.
   rPois:     It protects you from poison.
   It has a curse which improves the following skills: Ranged Combat: Slings,
   Bows, Crossbows and Throwing.
   Elements:  Fire Magic, Ice Magic, Air Magic and Earth Magic.
 n - a +0 pair of gloves (worn)
 s - +0 steam dragon scales
 w - an orb of energy (worn)
 H - a +3 leather armour of willpower
 I - a +2 scale mail of positive energy
 J - the +10 plate armour of Odujor {Will+}
   (You found it in a bailey)

   Will:      It increases your willpower.
 W - the cursed +0 cloak of Ashenzari's Planets (worn) {Comp, Self}
   (You found it on level 1 of the Lair of Beasts)

   It has a curse which improves the following skills: Companions: Summonings
   and Necromancy.
   Introspection: Fighting and Spellcasting.
Magical Staves
 m - a staff of death
 x - a staff of fire
Jewellery
 v - the cursed ring "Submission of Ashenzari" (left hand) {MP+9, Cun, Bglg}
   (You found it on level 7 of the Dungeon)

   [ring of magical power]

   MP:        It affects your magic capacity (+9).
   It has a curse which improves the following skills: Cunning: Dodging and
   Stealth.
   Beguiling: Conjurations, Hexes and Translocations.
 K - the cursed amulet of the Chained Regret (around neck) {Acrobat, Fort, Comp}
   (You found it on level 9 of the Dungeon)

   [amulet of the acrobat]

   It increases your evasion while moving and waiting.
   It has a curse which improves the following skills: Fortitude: Armour and
   Shields.
   Companions: Summonings and Necromancy.
 N - a ring of magical power (right hand)
Wands
 b - a wand of flame (18)
 O - a wand of digging (1)
Scrolls
 j - 2 scrolls of immolation
 u - a scroll of summoning
 y - 2 scrolls of enchant armour
 A - a scroll of magic mapping
 E - a scroll of amnesia
 Q - a scroll of fear
 T - 3 scrolls of teleportation
Potions
 c - 2 potions of ambrosia
 d - a potion of haste
 e - a potion of mutation
 i - a potion of brilliance
 l - 3 potions of attraction
 q - a potion of flight
 r - 4 potions of lignification
 C - a potion of magic
 D - a potion of invisibility
 P - a potion of curing
Miscellaneous
 V - a box of beasts


   Skills:
 - Level 7.0 Short Blades
 - Level 7.2(9.7) Dodging
 - Level 5.0(7.3) Stealth
 + Level 8.6(10.3) Spellcasting
 + Level 4.8(6.3) Conjurations
 + Level 0.9(1.8) Hexes
 - Level 9.1(10.7) Ice Magic
 + Level 4.3(5.9) Air Magic
 + Level 4.7 Poison Magic
 + Level 3.7 Evocations


You had 9 spell levels left.
You knew the following spells:

 Your Spells              Type           Power      Damage    Failure   Level
a - Freeze                Ice            100%       1d11      1%          1
b - Frozen Ramparts       Ice            100%       1d12      1%          3
c - Ozocubu's Armour      Ice            55%        N/A       1%          3
d - Mephitic Cloud        Conj/Pois/Air  36%        N/A       2%          3
e - Hailstorm             Conj/Ice       49%        3d11      2%          4
f - Swiftness             Air            37%        N/A       2%          3
g - Metabolic Englaciati  Hex/Ice        19%        N/A       17%         5

Your spell library contained the following spells:

 Spells                   Type           Power      Damage    Failure   Level
 Ensorcelled Hibernation  Hex/Ice        78%        N/A       1%          2
 Spider Form              Tmut/Pois      21%        N/A       9%          3
 Ice Form                 Ice/Tmut       34%        N/A       9%          4
 Passwall                 Tmut/Erth      9%         N/A       12%         2
 Silence                  Hex/Air        14%        N/A       41%         5
 Anguish                  Hex/Necr       8%         N/A       45%         4
 Ozocubu's Refrigeration  Ice            27%        4d10      63%         7
 Simulacrum               Ice/Necr       17%        N/A       77%         6
 Summon Mana Viper        Hex/Summ       16%        N/A       80%         5


Dungeon Overview and Level Annotations

Branches:
Dungeon (11/15)            Temple (1/1) D:4            Lair (2/6) D:11
 Bailey (visited)
  Swamp: Lair:2-4    Shoals: Lair:2-4     Snake: Lair:2-4    Spider: Lair:2-4
    Orc: D:9-12

Altars:
Ashenzari
Cheibriados
Dithmenos
Elyvilon
Fedhas
Gozag
Hepliaklqana
Kikubaaqudgha
Makhleb
Nemelex Xobeh
Okawaru
Qazlal
Ru
Sif Muna
Trog
Uskayaw
Vehumet
Wu Jian
Xom
Yredelemnul
Zin
The Shining One

Shops:
D:7 ?*

Portals:
Trove: D:10 (give +2 storm dragon scales)
Ice
Cave: Lair:2

Annotations:
D:4 2 transporters, Edmund; smarlow's ghost, amateur DjCj
D:11 2 runed translucent doors, exclusion: orange crystal statue
Lair:2 Fannar


Innate Abilities, Weirdness & Mutations

You have large cloven feet.
You are mostly covered in icy blue scales. (AC +3)
Your demonic aura sometimes causes spilled blood to erupt in flames.
You regenerate a little health from kills.


Message History

You hit the death yak simulacrum but do no damage.
The death yak simulacrum is moderately damaged.
The death yak simulacrum completely resists.
The wall freezes the death yak simulacrum but does no damage.
The death yak simulacrum misses you.
You hit the death yak simulacrum but do no damage.
The death yak simulacrum is moderately damaged.
You puncture the death yak simulacrum!
The death yak simulacrum is heavily damaged.
The death yak simulacrum completely resists.
The wall freezes the death yak simulacrum but does no damage.
The death yak simulacrum gores you! The death yak simulacrum freezes you!
You resist.
You completely miss the death yak simulacrum.
The death yak simulacrum is heavily damaged.
You hit the death yak simulacrum.
The death yak simulacrum is heavily damaged.
The death yak simulacrum completely resists.
The wall freezes the death yak simulacrum but does no damage.
The death yak simulacrum gores you. The death yak simulacrum freezes you!!
You resist.
You puncture the death yak simulacrum!
The death yak simulacrum is severely damaged.
The frozen ramparts melt away.
The death yak simulacrum gores you but does no damage.
Unknown command.
Casting: Ozocubu's Armour (safe; 1% risk of failure)
Confirm with . or Enter, or press ? or * to list all spells.
Okay, then.
Casting: Ozocubu's Armour (safe; 1% risk of failure)
Confirm with . or Enter, or press ? or * to list all spells.
Okay, then.
You hit the death yak simulacrum.
The death yak simulacrum is almost destroyed.
You hit the death yak simulacrum but do no damage.
The death yak simulacrum is almost destroyed.
The death yak simulacrum gores you!
* * * LOW HITPOINT WARNING * * *
The death yak simulacrum freezes you!! You resist.
You die...

, #... *###.#.....#..## ,
#.... #......##.....# *
#....##..#.###...####
*##......####....## *
......#.## #.##.# #### *
..##.....###...#####..# ,
##.#..>........##... ,
*###............#... *, ,
#@Z............... , , ,
##†......(P(...... ###.P ,
#........((.^.... ,*....#
###............(..... ,
#....#.##....##............
*
##............###...........
.......Z......*......#.....
............. .#......... ,,
, , ,#....∩..PP.. ,, .......


You could see a death yak simulacrum.

Vanquished Creatures
  Harold (D:9)
  A boulder beetle (D:11)
  A two-headed ogre (D:9)
  Pikel (D:8)
  A deep elf pyromancer (Bailey)
  A manticore (D:10)
  Joseph (D:8)
  A centaur zombie (D:11)
  An unseen horror (D:8)
  4 cane toads
  Psyche (D:8)
  3 komodo dragons
  2 kobold demonologists
  2 trolls
  A hornet (D:11)
  2 meliai zombies
  A wyvern (Lair:2)
  14 yaks
  A steam dragon (D:8)
  6 water moccasins
  6 orc warriors
  4 black bears
  An ogre (D:5)
  2 centaurs
  3 wolves (Lair:2)
  A kobold brigand (D:11)
  2 scorpions (D:6)
  2 wyvern zombies
  9 bullfrogs
  3 gnoll sergeants
  A water moccasin zombie (D:6)
  18 killer bees
  6 howler monkeys
  A hound (D:5)
  2 gnoll shamans
  3 orc priests
  An iguana (D:5)
  2 bullfrog skeletons (D:6)
  8 orc wizards
  A howler monkey zombie (D:7)
  A howler monkey skeleton (D:6)
  26 gnolls
  9 adders
  A shadow imp (D:7)
  A white imp (D:7)
  4 dart slugs
  25 orcs
  8 ball pythons
  4 bats
  4 endoplasms
  7 giant cockroaches
  A goblin (D:4)
  7 hobgoblins
  10 jackals
  A quokka (D:1)
  2 frilled lizards
  11 kobolds
  7 rats
251 creatures vanquished.

Vanquished Creatures (collateral kills)
  A cyclops (D:11)
  A freezing wraith (D:11)
  A yak (D:10)
3 creatures vanquished.

Vanquished Creatures (others)
  58 fungi
  44 plants
102 creatures vanquished.

Grand Total: 356 creatures vanquished

Notes
Turn   | Place    | Note
-------+----------+-------------------------------------------
     0 | D:1      | Zonian the Demonspawn Ice Elementalist began the quest for
                  | the Orb.
     0 | D:1      | Reached XP level 1. HP: 13/13 MP: 3/3
   366 | D:1      | Gained mutation: You have large cloven feet. [demonic
                  | ancestry]
   366 | D:1      | Reached XP level 2. HP: 17/19 MP: 3/5
  1013 | D:1      | You fall into a shaft and drop 1 floor!
  1381 | D:1      | Gained mutation: You are partially covered in icy blue
                  | scales. (AC +2) [demonic ancestry]
  1381 | D:1      | Reached XP level 3. HP: 20/24 MP: 2/6
  1532 | D:1      | Learned a level 3 spell: Frozen Ramparts
  2475 | D:2      | Reached skill level 4 in Ice Magic
  2834 | D:3      | Reached XP level 4. HP: 29/30 MP: 5/7
  3120 | D:3      | Found a faded altar of an unknown god.
  3875 | D:3      | Identified the +0 leather armour of the Beekeeper {rElec
                  | rPois rC+ Int+4}
  4169 | D:4      | Noticed smarlow's ghost (amateur DjCj)
  4174 | D:4      | Found a staircase to the Ecumenical Temple.
  4177 | Temple   | Entered the Ecumenical Temple
  4276 | Temple   | Became a worshipper of Ashenzari the Shackled
  4589 | D:4      | Found a transporter.
  4590 | D:4      | Noticed an ogre
  4591 | D:4      | Noticed an ogre
  4929 | D:4      | Found a transporter.
  5146 | D:4      | Found a sacrificial altar of Ru.
  5147 | D:4      | Found a stormy altar of Qazlal.
  5196 | D:4      | Noticed a bullfrog
  5198 | D:4      | Noticed Edmund
  5802 | D:5      | Entered Level 5 of the Dungeon
  5941 | D:5      | Found a bloodstained altar of Trog.
  6008 | D:5      | Gained mutation: Your demonic aura sometimes causes spilled
                  | blood to erupt in flames. [demonic ancestry]
  6008 | D:5      | Reached XP level 5. HP: 35/35 MP: 5/9
  6191 | D:5      | Noticed an ogre
  6210 | D:5      | Killed an ogre
  6555 | D:5      | Noticed a black bear
  6945 | D:5      | Gained mutation: You are mostly covered in icy blue scales.
                  | (AC +3) [demonic ancestry]
  6945 | D:5      | Reached XP level 6. HP: 30/41 MP: 9/11
  8696 | D:6      | Reached skill level 5 in Ice Magic
  8696 | D:6      | Reached XP level 7. HP: 46/46 MP: 8/12
  8700 | D:6      | Learned a level 3 spell: Ozocubu's Armour
  9023 | D:6      | Noticed a kobold demonologist
  9947 | D:6      | Killed a kobold demonologist
  9954 | D:6      | Gained mutation: You regenerate a little health from kills.
                  | [demonic ancestry]
  9954 | D:6      | Reached XP level 8. HP: 23/52 MP: 9/14
 10480 | D:6      | Reached skill level 5 in Stealth
 10721 | D:7      | Found Ludosm's Magic Scroll Boutique.
 10728 | D:7      | Found Ruggoberch's Assorted Antiques.
 10751 | D:7      | Bought a scroll of brand weapon for 280 gold pieces
 10761 | D:7      | Bought a scroll labelled YCEPTI MUSKUIL for 21 gold pieces
 11532 | D:7      | Reached * piety under Ashenzari
 11613 | D:7      | Reached skill level 1 in Short Blades
 11729 | D:7      | Reached skill level 5 in Spellcasting
 11761 | D:7      | Reached skill level 5 in Dodging
 11761 | D:7      | Reached skill level 6 in Ice Magic
 12186 | D:8      | Noticed Pikel
 12192 | D:8      | Killed Pikel
 12193 | D:8      | Reached XP level 9. HP: 43/57 MP: 9/17
 12334 | D:7      | Bought a scroll labelled MAUKI TEHEUKK for 21 gold pieces
 13038 | D:8      | Noticed Psyche
 13054 | D:8      | Killed Psyche
 13055 | D:8      | Reached skill level 7 in Ice Magic
 14020 | D:8      | HP: 2/57 [something (4)]
 14032 | D:8      | Killed an unseen horror
 14083 | D:8      | Identified the cursed +2 pair of boots of Ashenzari's
                  | Discomfort {Cun, Comp} (You found it on level 4 of the
                  | Dungeon)
 14288 | D:8      | Noticed Joseph
 14301 | D:8      | Killed Joseph
 14607 | D:8      | Reached ** piety under Ashenzari
 14841 | D:9      | Reached XP level 10. HP: 63/63 MP: 20/20
 14951 | D:9      | Found a flagged portal.
 14961 | Bailey   | Entered a bailey
 15445 | Bailey   | Reached skill level 5 in Short Blades
 15816 | Bailey   | Found a large runed translucent door.
 15816 | Bailey   | Found a large runed translucent door.
 15817 | Bailey   | Noticed a deep elf pyromancer
 15819 | Bailey   | Identified the +10 plate armour of Odujor {Will+}
 15819 | Bailey   | Identified the Guide on Ensnaring Poison
 15860 | Bailey   | Noticed an orc knight
 15906 | Bailey   | Killed a deep elf pyromancer
 16233 | D:9      | Noticed a two-headed ogre
 16394 | D:9      | Learned a level 3 spell: Mephitic Cloud
 16399 | D:9      | Learned a level 4 spell: Hailstorm
 16476 | D:9      | Noticed Harold
 16552 | D:9      | Reached skill level 8 in Ice Magic
 16585 | D:9      | Reached skill level 1 in Poison Magic
 16589 | D:9      | Reached skill level 1 in Conjurations
 16589 | D:9      | Reached skill level 1 in Air Magic
 16594 | D:9      | Killed a two-headed ogre
 16994 | D:9      | Killed Harold
 17467 | D:10     | Entered Level 10 of the Dungeon
 17518 | D:10     | Found a shimmering blue altar of Sif Muna.
 17785 | D:10     | Found a portal to a secret trove of treasure.
 18159 | D:10     | Found Itreel's Assorted Antiques.
 18160 | D:10     | Identified the Guide on Frigorific Shape Shifting
 18161 | D:10     | Found an iron altar of Okawaru.
 18164 | D:10     | Found a snail-covered altar of Cheibriados.
 18177 | D:10     | Learned a level 3 spell: Swiftness
 18183 | D:10     | Found an ornate altar of the Wu Jian Council.
 18190 | D:10     | Noticed a manticore
 18202 | D:10     | Killed a manticore
 18203 | D:10     | Reached XP level 11. HP: 66/68 MP: 22/22
 18263 | D:10     | Reached skill level 1 in Evocations
 18961 | D:11     | Found a staircase to the Lair.
 19565 | D:11     | Noticed a boulder beetle
 19581 | D:11     | Killed a boulder beetle
 20167 | D:11     | Found the +10 tower shield of Ignorance {rN+ Int-4}
 20174 | D:11     | Found a runed translucent door.
 20186 | D:11     | Found a runed translucent door.
 20193 | D:11     | Noticed an orange crystal statue
 20206 | D:11     | Noticed a death knight
 20376 | Lair:1   | Entered Level 1 of the Lair of Beasts
 20512 | Lair:1   | Reached skill level 9 in Ice Magic
 20702 | Lair:1   | Identified Perhuptububb's Reference Book on Ignition and
                  | Sinister Rites
 20778 | Lair:1   | Reached *** piety under Ashenzari
 21413 | Lair:1   | Learned a level 5 spell: Metabolic Englaciation
 21611 | Lair:2   | Noticed Fannar
 21611 | Lair:2   | Found a frozen archway.
 21739 | Lair:2   | Reached XP level 12. HP: 69/74 MP: 26/26
 21836 | Lair:2   | Slain by a death yak simulacrum

Illustrated notes

Levels and vault maps discovered:
D:1:      saegor_arrival_simple_c, layout_basic
D:2:      layout_loops_cross
D:3:      minmay_door_path, layout_rooms,
          shapermc_ecumenical_altar_mp_ritualfount
D:4:      wad_pebble_path, layout_loops_ring,
          chequers_temple_overflow_statue_of_worship, minmay_temple_entry_fiery,
          gammafunk_ghost_smash, uniq_edmund
D:5:      minmay_octagon_keep, layout_basic, trog_book, serial_glass,
          glass_columns_a, glass_columns_a, feat_on_display, item_on_display_a
D:6:      layout_loops_ring, item_on_display_a
D:7:      layout_gridville, serial_shops, shop_statue, nicolae_shop_waterfront
D:8:      layout_basic, uniq_pikel, uniq_joseph, uniq_psyche
D:9:      layout_loops_corners, enter_bailey_2, minmay_misc_feat_encased,
          kennysheep_path_1, uniq_harold
D:10:     layout_basic, mainiacjoe_overflow_24_doors,
          grunt_temple_overflow_open, nicolae_trove_entry_free_sample,
          serial_shops, shop
D:11:     minmay_the_grid_triangle_9x9_rhombus_thin_mashed
          [minmay_the_grid_triangle_9x9_semitri,
          minmay_the_grid_triangle_9x9_prize_special,
          minmay_the_grid_triangle_9x9_cache,
          minmay_the_grid_triangle_9x9_zippers_horizontal], layout_basic,
          due_lair_maze_entry_diamond, chequers_guarded_unrand_ignorance
Temple:   regret_index_temple_waves
Lair:1:   layout_roguey, serial_bayou_shore_b
Lair:2:   layout_misc_corridors, swamp_mist,
          portal_ice_cave_entry_ice_simulacra, lemuel_fruit_tree,
          grunt_megastairs_3, uniq_fannar, uniq_gastronok

Skill      XL: |  1  2  3  4  5  6  7  8  9 10 11 |
---------------+----------------------------------+-----
Dodging        | 2 3 4 5 6 7 |  7.2
Stealth        | 2 3 4 5 |  5.0
Ice Magic      | 4 5 6 7 8 9 |  9.1
Spellcasting   | 3 4 5 6 7 8 |  8.6
Short Blades   | 3 4 6 7 |  7.0
Poison Magic   | 2 4 |  4.7
Conjurations   | 2 4 |  4.8
Air Magic      | 2 4 |  4.3
Evocations     | 3 |  3.7
Hexes          | |  0.9

Action                   |  1- 3 |  4- 6 |  7- 9 | 10-12 || total
-------------------------+-------+-------+-------+-------++-------
Melee: Unarmed           |     3 |       |       |       ||     3
       Short sword       |    37 |   121 |   203 |   388 ||   749
       Kick              |     8 |    12 |       |       ||    20
       Punch             |     1 |     1 |     3 |     5 ||    10
Throw: Dart              |       |     3 |       |     1 ||     4
 Cast: Freeze            |    51 |    42 |    10 |       ||   103
       Frozen Ramparts   |       |     6 |    21 |    36 ||    63
       Ozocubu's Armour  |       |       |     1 |     8 ||     9
       Hailstorm         |       |       |       |     1 ||     1
       Mephitic Cloud    |       |       |       |     4 ||     4
Invok: Curse Item        |       |     1 |     2 |     2 ||     5
Evoke: Wand              |       |       |    12 |    11 ||    23
  Use: Scroll            |       |     7 |     9 |     4 ||    20
       Potion            |       |     1 |     7 |     5 ||    13
 Stab: Sleeping          |     4 |     5 |     5 |     9 ||    23
       Confused          |       |       |       |     5 ||     5
       Distracted        |       |       |       |     1 ||     1
Armor: Robe              |    21 |     7 |       |       ||    28
       Leather armour    |       |    54 |   113 |   146 ||   313
       Skin              |       |       |    12 |       ||    12
Dodge: Dodged            |    60 |   101 |   146 |   335 ||   642
